 Dungeon Crawl Stone Soup version 0.30-a0-930-gb9d0489357 (webtiles) character file.

Game seed: 15535108988045587605

675415 Iniera the Cryomancer (level 27, -6/271 (280) HPs)
             Began as a Demonspawn Conjurer on Mar 23, 2023.
             Was the Champion of Vehumet.
             Killed from afar by a Hell Sentinel (31 damage)
             ... with damnation
             ... on level 5 of Tartarus.
             The game lasted 04:33:23 (79591 turns).

Iniera the Cryomancer (Demonspawn Conjurer)        Turns: 79591, Time: 04:33:24

HP:   -6/271 (280)  AC: 24    Str: 14      XL:     27
MP:   56/63         EV: 18    Int: 36 (37) God:    Vehumet [******]
Gold: 1530          SH: 22    Dex: 15      Spells: 15/63 levels left

rFire   . . .      SeeInvis +    a - staff of cold
rCold   + . .      Faith    .    d - +5 kite shield {AC+3}
rNeg    + + +      Spirit   .    T - +1 robe of Deecw {rN+++ Str-3}
rPois   +          Reflect  .    (helmet unavailable)
rElec   .          Rampage  .    Q - scarf "Pirpho Zixkai" {repulsion, Str+4}
rCorr   .          Clarity  +    Y - +2 pair of gloves {Str+3}
Will    +....                    P - +1 pair of boots of Mamealui {rPois MP+9}
Stlth   +++                      h - amulet of regeneration
HPRegen 1.45/turn                L - +6 ring of intelligence
MPRegen 0.38/turn                N - ring of Eruos {Fly MP+9 Str+3}

@: in a vortex, flying, very slightly contaminated, lightly drained, repel
missiles, unable to drink, weak-willed
A: antennae 3, icemail 2, robust 3, spiny 3, sharp scales 3, condensation
shield, clarity, evolution 1, inability to drink after injury 1
}: 5/15 runes: serpentine, barnacled, slimy, silver, abyssal
a: Renounce Religion


You were on level 5 of Tartarus.
You worshipped Vehumet.
Vehumet was exalted by your worship.
You visited 13 branches of the dungeon, and saw 56 of its levels.
You visited the Abyss 1 time.
You also visited: Wizlab.

You collected 9070 gold pieces.
You spent 7540 gold pieces at shops.

Inventory:

Armour
 d - a +5 kite shield of protection (worn)
 e - the +3 fire dragon scales of Buwni {rF++ rC- Str+3 Int+3 Slay+3 Stlth+}
   (You found it on level 1 of the Crypt)

   Str:       It affects your strength (+3).
   Int:       It affects your intelligence (+3).
   Slay:      It affects your accuracy & damage with ranged weapons and melee
   (+3).
   rF:        It greatly protects you from fire.
   rC:        It makes you vulnerable to cold.
   Stlth:     It makes you more stealthy.
 j - quicksilver dragon scales
 P - the +1 pair of boots of Mamealui (worn) {rPois MP+9}
   (You found it on level 4 of the Lair of Beasts)

   rPois:     It protects you from poison.
   MP:        It affects your magic capacity (+9).
 Q - the scarf "Pirpho Zixkai" (worn) {repulsion, Str+4}
   (You bought it in a shop on level 5 of the Vaults)

   Str:       It affects your strength (+4).
 T - the +1 robe of Deecw (worn) {rN+++ Str-3}
   (You found it on level 1 of the Snake Pit)

   Str:       It affects your strength (-3).
   rN:        It renders you almost immune to negative energy.
 Y - a +2 pair of gloves of strength (worn)
Magical Staves
 a - a staff of cold (weapon)
 b - a staff of conjuration
Jewellery
 h - an amulet of regeneration (around neck)
 D - a ring of resist corrosion
 E - the ring of Deycaroy {rC+ Will+ Dex+4}
   (You acquired it on level 4 of the Vaults)

   [ring of protection from cold]

   Dex:       It affects your dexterity (+4).
   rC:        It protects you from cold.
   Will:      It increases your willpower.
 L - a +6 ring of intelligence (left hand)
 N - the ring of Eruos (right hand) {Fly MP+9 Str+3}
   (You found it on level 3 of the Snake Pit)

   [ring of magical power]

   Str:       It affects your strength (+3).
   MP:        It affects your magic capacity (+9).
   Fly:       It grants you flight.
Wands
 t - a wand of paralysis (45)
 u - a wand of light (45)
 w - a wand of mindburst (36)
 F - a wand of digging (21)
 H - a wand of flame (62)
 I - a wand of iceblast (44)
 V - a wand of polymorph (5)
Scrolls
 i - a scroll of enchant armour
 k - 12 scrolls of fog
 l - 13 scrolls of immolation
 s - 24 scrolls of teleportation
 A - 3 scrolls of magic mapping
 B - 4 scrolls of silence
 C - 7 scrolls of blinking
 K - 49 scrolls of identify
 M - 7 scrolls of amnesia
 S - 8 scrolls of fear
 Z - a scroll of butterflies
Potions
 c - 10 potions of haste
 f - 8 potions of flight
 g - 15 potions of brilliance
 m - 22 potions of curing
 o - 8 potions of might
 p - 13 potions of attraction
 r - 8 potions of heal wounds
 x - 3 potions of invisibility
 z - 6 potions of magic
 G - 6 potions of ambrosia
 J - 10 potions of cancellation
 R - 3 potions of resistance
 U - 3 potions of berserk rage
Miscellaneous
 n - a lightning rod (4/4)
 q - a condenser vane
 v - a box of beasts
 X - a tin of tremorstones (2/2)


   Skills:
 + Level 17.7 Fighting
 - Level 10.1 Staves
 + Level 11.6 Armour
 + Level 12.9 Dodging
 - Level 3.9 Stealth
 - Level 12.9 Shields
 + Level 18.6 Spellcasting
 + Level 17.1 Conjurations
 + Level 6.7 Hexes
 - Level 4.0 Translocations
 + Level 8.2 Transmutations
 - Level 23.1 Ice Magic
 + Level 12.5 Air Magic
 - Level 2.6 Earth Magic
 - Level 12.8 Evocations


You had 15 spell levels left.
You knew the following spells:

 Your Spells              Type           Power      Damage    Failure   Level
a - Magic Dart            Conj           100%       1d8       0%          1
b - Searing Ray           Conj           100%       2d8       0%          2
c - Maxwell's Capacitive  Air            44%        ∞         17%         8
d - Iskenderun's Mystic   Conj/Tloc      83%        2d16      1%          4
e - Irradiate             Conj/Tmut      45%        3d26      1%          5
f - Yara's Violent Unrav  Hex/Tmut       36%        3d15      1%          5
g - Ozocubu's Refrigerat  Ice            70%        4d23      1%          7
h - Freezing Cloud        Conj/Ice/Air   63%        6-21      1%          5
i - Blink                 Tloc           100%       N/A       1%          2
j - Polar Vortex          Ice            70%        N/A       4%          9

Your spell library contained the following spells:

 Spells                   Type           Power      Damage    Failure   Level
 Frozen Ramparts          Ice            100%       1d16      0%          3
 Hailstorm                Conj/Ice       100%       3d20      0%          3
 Ozocubu's Armour         Ice            100%       N/A       0%          3
 Beastly Appendage        Tmut           100%       N/A       1%          1
 Foxfire                  Conj/Fire      100%       2x1d9     1%          1
 Kiss of Death            Conj/Necr      100%       2d13      1%          1
 Necrotise                Necr           100%       1d9       1%          1
 Slow                     Hex            100%       N/A       1%          1
 Sting                    Tmut/Pois      100%       1d8       1%          1
 Cigotuvi's Dreadful Rot  Necr/Pois/Air  100%       N/A       1%          2
 Momentum Strike          Conj/Tloc      100%       3d10      1%          2
 Wereblood                Tmut           75%        N/A       1%          2
 Confusing Touch          Hex            69%        N/A       1%          3
 Dazzling Flash           Conj/Hex       100%       N/A       1%          3
 Gell's Gravitas          Tloc           58%        N/A       1%          3
 Ignite Poison            Fire/Tmut/Pois 52%        N/A       1%          3
 Inner Flame              Hex/Fire       55%        N/A       1%          3
 Kindle Blastsparks       Fire/Tloc/Air  100%       2d18      1%          3
 Mephitic Cloud           Conj/Pois/Air  81%        N/A       1%          3
 Portal Projectile        Hex/Tloc       100%       N/A       1%          3
 Spider Form              Tmut/Pois      58%        N/A       1%          3
 Summon Guardian Golem    Hex/Summ       55%        N/A       1%          3
 Teleport Other           Tloc           58%        N/A       1%          3
 Tukima's Dance           Hex            69%        N/A       1%          3
 Vhi's Electric Charge    Tloc/Air       100%       N/A       1%          3
 Airstrike                Air            44%        2d(7-23)  1%          4
 Cause Fear               Hex            34%        N/A       1%          4
 Flame Wave               Conj/Fire      76%        2d17      1%          4
 Fulminant Prism          Conj/Hex       43%        3d19      1%          4
 Ice Form                 Ice/Tmut       100%       N/A       1%          4
 Petrify                  Tmut/Erth      64%        N/A       1%          4
 Sticky Flame             Conj/Fire      76%        2d9       1%          4
 Summon Ice Beast         Ice/Summ       100%       N/A       1%          4
 Summon Lightning Spire   Summ/Air       68%        N/A       1%          4
 Blade Hands              Tmut           37%        N/A       1%          5
 Fireball                 Conj/Fire      38%        3d16      1%          5
 Iskenderun's Battlesphe  Conj           100%       2d15      1%          5
 Metabolic Englaciation   Hex/Ice        59%        N/A       1%          5
 Plasma Beam              Fire/Air       34%        2x1d51    1%          5
 Silence                  Hex/Air        40%        N/A       1%          5
 Conjure Ball Lightning   Conj/Air       48%        3x3d17    1%          6
 Orb of Destruction       Conj           51%        9d13      1%          7
 Call Imp                 Summ           33%        N/A       2%          2
 Sublimation of Blood     Necr           33%        N/A       2%          2
 Leda's Liquefaction      Hex/Erth       30%        N/A       2%          4
 Simulacrum               Ice/Necr       54%        N/A       2%          6
 Starburst                Conj/Fire      38%        6d11      2%          6
 Passage of Golubria      Tloc           58%        N/A       3%          4
 Anguish                  Hex/Necr       27%        N/A       4%          4
 Lee's Rapid Deconstruct  Erth           26%        3d14*     4%          5
 Call Canine Familiar     Summ           33%        N/A       5%          3
 Vampiric Draining        Necr           33%        2d8       5%          3
 Olgreb's Toxic Radiance  Pois           33%        N/A       5%          4
 Alistair's Intoxication  Tmut/Pois      38%        N/A       10%         5
 Summon Mana Viper        Hex/Summ       55%        N/A       13%         5
 Eringya's Noxious Bog    Tmut/Pois      29%        N/A       13%         6
 Spellforged Servitor     Conj/Summ      38%        N/A       13%         7
 Animate Dead             Necr           33%        N/A       19%         4
 Dispel Undead            Necr           33%        3d14      19%         4
 Summon Forest            Summ/Tloc      23%        N/A       22%         5
 Storm Form               Tmut/Air       41%        N/A       22%         7
 Borgnjor's Vile Clutch   Necr/Erth      21%        N/A       30%         5
 Statue Form              Tmut/Erth      42%        N/A       30%         6
 Agony                    Necr           33%        N/A       45%         5
 Lehudib's Crystal Spear  Conj/Erth      40%        10d10     45%         8
 Dispersal                Tloc           29%        N/A       47%         6
 Enfeeble                 Hex            34%        N/A       69%         7
 Chain Lightning          Conj/Air       48%        3d64      69%         9
 Death Channel            Necr           16%        N/A       96%         6
 Summon Cactus Giant      Summ           16%        N/A       96%         6
 Haunt                    Necr/Summ      16%        N/A       100%        7
 Monstrous Menagerie      Summ           16%        N/A       100%        7
 Summon Hydra             Summ           16%        N/A       100%        7
 Discord                  Hex            34%        N/A       100%        8
 Ignition                 Fire           16%        3d7       100%        8
 Infestation              Necr           16%        N/A       100%        8
 Fire Storm               Conj/Fire      38%        8d10      100%        9
 Shatter                  Erth           26%        3d22*     100%        9


Dungeon Overview and Level Annotations

Branches:
Dungeon (15/15)            Temple (0/1) D:7            Lair (5/5) D:10
 Shoals (4/4) Lair:3        Snake (4/4) Lair:3        Slime (5/5) Lair:5
    Orc (2/2) D:9             Elf (3/3) Orc:2        Vaults (5/5) D:13
  Crypt (3/3) Vaults:2       Tomb (1/3) Crypt:3      Depths (4/4) D:15
   Hell (visited)             Dis (0/7) Hell            Geh (0/7) Hell
    Coc (0/7) Hell            Tar (5/7) Hell            Zot (0/5) Depths:4
 WizLab (visited)

Altars:
Dithmenos
Fedhas
Hepliaklqana
Kikubaaqudgha
Makhleb
Qazlal
Uskayaw
Vehumet
Xom
Yredelemnul
Jiyva
Lugonu

Shops:
D:2 !   Orc:1 [   Orc:2 [!([   Elf:1 (   Elf:2 [   Snake:2 !   Snake:3 :
Vaults:1 ?   Vaults:2 [   Vaults:4 [=(?   Vaults:5 [*[*   Depths:1 *[:=:=*=
Depths:2 [:

Portals:
Hell: Depths:1 Depths:2 Depths:3 Depths:4
Abyss: Lair:5 Depths:3
Pandemonium: Depths:2 Depths:4
Ziggurat: Depths:4

Annotations:
D:10 2 transporters, cforsyth's ghost, journeyman OgFE
Lair:5 1 runed translucent door, Iniera's ghost, journeyman VSMo
Shoals:4 2 runed translucent doors, baller8008's ghost, adept DjCj
Orc:2 1 runed translucent door, Palms's ghost, journeyman DrVM
Depths:4 4 runed translucent doors
Hell exclusion: ice statue


Innate Abilities, Weirdness & Mutations

You have a pair of large antennae on your head. (SInv)
A meltable icy envelope protects you from harm. (AC +8)
You are extremely robust. (+30% HP)
You are completely covered in sharp spines.
You are completely covered in razor-sharp scales. (AC +3, Slay +3)
A meltable shield of frost defends you. (SH +4)
You possess an exceptional clarity of mind.
You have hidden genetic potential.
You occasionally lose the ability to drink potions when taking damage.


Message History

The spectral harpy resists.
You destroy the spectral harpy!
Vehumet accepts your kill.
You feel your power returning.
The spectral dire elephant resists.
The spectral dire elephant is moderately damaged.
The spectral iron giant resists.
The spectral iron giant is heavily damaged.
The doom hound is lightly wounded.
You kill the Ice Fiend!
Vehumet accepts your kill.
You feel your power returning.
The putrid mouth howls a warning cry!
An eidolon comes into view.
The tainted leviathan throws a large rock.
The large rock barely misses you.
You hear a bark!
You feel your intelligence returning.
Unknown command.
Unknown command.
Unknown command.
Unknown command.
Unknown command.
Unknown command.
Unknown command.
Unknown command.
Unknown command.
Unknown command.
Unknown command.
Unknown command.
Unknown command.
The spectral iron giant attacks as you move away!
The spectral iron giant hits you!!!
* * * LOW HITPOINT WARNING * * *
A putrid mouth comes into view.
You destroy the spectral iron giant!
Vehumet accepts your kill.
You feel your power returning. The Hell Sentinel gestures at you.
The sphere of damnation explodes!
The damnation engulfs you!!
You die...

.. ... ..## .... ##
§§.# ..§§##§ §§§§##
..§§○§§ hC1§..
..§§§§§###§§§§.......#
..§§§§§§#§#####......#
.W§§§§Z#§§#§§§#......#
..§°§§§@§§§Z§§W......#
.W§§○§§§§§§§§§..##...#
..§§§§§§§§§§○....#.>.#
..Z§§§§§§§§§§§...#...#
..§°§§§§§°§§§§...#...#
..§§§§§§§§§§§...##...#
..............§§.....#
######.#..§...≈..#.###
....≈≈≈§≈....#


You could see a tainted leviathan, a Hell Sentinel (misshapen), a doom hound, an
eidolon, 2 putrid mouths, a spectral dire elephant and 2 spectral juggernauts.

Vanquished Creatures
  the Royal Jelly (Slime:5)
  5 dread liches
  An ancient lich (Vaults:5)
  Mara (Depths:2)
  A juggernaut (Depths:3)
  Sojobo (Depths:2)
  3 royal mummies
  Boris (twice) (Crypt:1 Crypt:3)
  Vashnia (Snake:3)
  A curse toe (Crypt:3)
  Saint Roka (Orc:2)
  Geryon (Hell)
  A caustic shrike (Depths:3)
  13 bone dragons
  6 golden dragons
  A profane servitor (Crypt:1)
  8 Tzitzimimeh
  2 hellephants (Hell)
  A Brimstone Fiend (Tar:5)
  2 spectral shard shrikes
  9 doom hounds
  Jorgrun (D:14)
  5 tentacled monstrosities
  Grunn (Crypt:3)
  A walking crystal tome (Depths:3)
  An Ice Fiend (Tar:5)
  13 liches
  3 deep elf blademasters
  2 deep elf master archers (Elf:3)
  3 titans (Vaults:5)
  12 ancient champions
  4 quicksilver dragons
  Polyphemus (Shoals:2)
  Agnes (Elf:2)
  9 tentacled starspawn
  20 sphinxes
  2 krakens
  16 acid blobs
  4 shadow dragons
  6 tengu reavers
  2 storm dragons
  8 azure jellies
  6 fire giants
  Roxanne (Snake:3)
  Ilsuiw (Shoals:4)
  A draconian monk (Depths:4)
  5 revenants
  A fenstrider witch (Shoals:4)
  6 nagarajas
  2 draconian knights (Depths:4)
  Donald (Vaults:3)
  11 frost giants
  The ghost of relicbr the Unseen, an adept SpDe of Dithmenos (Snake:3)
  5 rockslimes
  A balrug (Hell)
  7 deep elf sorcerers
  2 iron dragons
  17 vault wardens
  2 spectral caustic shrikes
  A ghost moth (Abyss:3)
  A curse skull (Crypt:2)
  5 ghouls
  An orc warlord (Orc:2)
  An angel (Abyss:3)
  3 deep elf elementalists (Elf:3)
  Louise (Shoals:2)
  A draconian stormcaller (Abyss:4)
  30 ironbound preservers
  2 cacodemons (Hell)
  5 spriggan defenders
  8 reapers
  4 demonspawn corrupters (WizLab)
  2 ironbound thunderhulks
  An ophan (Abyss:3)
  A juggernaut skeleton (Depths:2)
  8 quicksilver oozes (Slime:5)
  25 very ugly things
  2 war gargoyles
  13 vampire knights
  14 stone giants
  3 black draconians (Depths:4)
  2 caustic shrike skeletons (Depths:2)
  2 lorocyprocas
  8 putrid mouths
  7 deep elf demonologists
  3 green draconians (Depths:4)
  9 deep elf annihilators
  4 dire elephants
  6 spark wasps
  Azrael (Elf:2)
  3 red draconians (Depths:4)
  3 white draconians (Depths:4)
  4 purple draconians (Depths:4)
  7 eidola
  A blizzard demon (Abyss:2)
  5 merfolk javelineers
  8 merfolk impalers
  A green death (Abyss:4)
  A spectral quicksilver dragon (Tar:1)
  5 fire dragons
  9 mummy priests
  A spectral fenstrider witch (Tar:1)
  An iron golem (Depths:1)
  8 ettins
  4 entropy weavers
  15 yaktaur captains
  13 deep elf death magi
  A spectral iron giant (Tar:5)
  5 deep elf high priests
  8 jiangshi
  4 spectral spriggans
  30 vault guards
  5 salamander tyrants (Snake:4)
  13 great orbs of eyes
  4 ice dragons
  6 hydras
  4 spriggan skeletons (Depths:2)
  An alligator snapping turtle (Shoals:4)
  6 ogre magi
  10 boulder beetles
  10 ironbound frosthearts
  6 rakshasas
  5 spriggan air magi
  A catoblepas (Shoals:2)
  14 centaur warriors
  A satyr (shapeshifter) (Vaults:5)
  8 anacondas
  25 dancing weapons
  2 death knights
  A fenstrider witch skeleton (Crypt:3)
  6 merfolk aquamancers
  2 satyrs
  3 merfolk avatars
  3 deep troll shamans
  10 two-headed ogres
  An Orb Guardian skeleton (Crypt:3)
  13 naga warriors
  3 hell hogs (Hell)
  3 deep troll earth magi (Depths:3)
  5 tengu warriors
  11 vampire magi
  7 soul eaters
  5 thrashing horrors
  2 orc high priests (Elf:1)
  21 death yaks
  7 spriggan berserkers
  4 shock serpents
  15 naga sharpshooters
  12 iron trolls
  25 deep elf knights
  A spectral dire elephant (Tar:2)
  18 hell knights
  3 wretched stars
  7 skysharks
  13 sun demons
  75 deep trolls
  Lodul (D:13)
  2 spectral anacondas
  4 sixfirhies
  3 salamander mystics
  7 shadow wraiths
  A spectral bunyip (Tar:1)
  A deep troll (shapeshifter) (D:15)
  21 sea snakes
  A spriggan druid (WizLab)
  2 spectral hydras
  A swamp dragon (WizLab)
  A bunyip skeleton (Crypt:3)
  An anaconda zombie (Crypt:1)
  2 golden dragon skeletons (Depths:2)
  2 naga ritualists
  A spectral iron dragon (Tar:5)
  28 skeletal warriors
  A death drake (Abyss:1)
  9 deep elf archers
  2 glowing orange brains
  17 ironbound convokers
  5 necromancers
  A bog body (Crypt:3)
  6 flayed ghosts
  15 lindwurms
  14 wizards
  30 harpies
  2 anaconda skeletons
  40 deep elf pyromancers
  13 phantasmal warriors
  2 mana vipers (Snake:3)
  A shadow dragon skeleton (Depths:2)
  28 deep elf zephyrmancers
  4 orc sorcerers
  2 tengu skeletons (Depths:2)
  A harpy (shapeshifter) (Depths:1)
  41 ugly things
  4 shining eyes
  A wolf spider (shapeshifter) (Vaults:5)
  9 orc knights
  16 manticores
  A jorogumo skeleton (Crypt:3)
  3 worldbinders (WizLab)
  An elephant (shapeshifter) (Lair:5)
  6 cyclopes
  4 fire giant skeletons
  7 fauns
  A spectral centaur (Tar:1)
  A salamander (shapeshifter) (Depths:3)
  14 salamanders
  A moth of wrath (shapeshifter) (Lair:5)
  5 water nymphs
  4 frost giant skeletons (Depths:2)
  8 rust devils
  3 merfolk sirens
  2 stone giant skeletons (Depths:2)
  3 eyes of devastation
  14 naga magi
  11 elephants
  14 vault sentinels
  27 black mambas
  A dire elephant zombie (Crypt:3)
  A demonic crawler (Hell)
  9 smoke demons
  A black mamba (shapeshifter) (Vaults:5)
  11 guardian serpents
  22 starcursed masses
  2 orange demons (Hell)
  4 gargoyles
  2 apocalypse crabs
  10 cane toads
  A torpor snail (Lair:5)
  A centaur skeleton (Crypt:3)
  29 yaktaurs
  An unseen horror (Abyss:2)
  3 rime drakes
  3 hellions
  A bunyip simulacrum (Crypt:1)
  A kobold demonologist (D:13)
  A tengu conjurer (Depths:2)
  Maggie (Lair:2)
  A komodo dragon (shapeshifter) (WizLab)
  11 komodo dragons
  8 freezing wraiths
  2 tormentors
  An anaconda simulacrum (Abyss:4)
  7 ice devils
  5 spectral harpies
  10 ancient zymes
  A yaktaur (shapeshifter) (Elf:2)
  10 guardian mummies
  2 meliai (shapeshifter)
  A pale draconian skeleton (Crypt:2)
  29 merfolk
  3 trolls
  3 hydra zombies (Hell)
  3 meliai (D:15)
  15 hornets
  A mana viper skeleton (Crypt:1)
  A blink frog (shapeshifter) (Elf:2)
  8 wind drakes
  15 raiju
  4 polar bears
  10 dream sheep
  2 alligator zombies (Hell)
  21 blink frogs
  A harpy skeleton (Tomb:1)
  A tarantella zombie (Crypt:2)
  11 snapping turtles
  A jumping spider (Vaults:2)
  2 alligator skeletons (Hell)
  A jumping spider (shapeshifter) (Vaults:5)
  2 air elementals
  A culicivora (Vaults:1)
  A centaur simulacrum (Crypt:3)
  5 shadows
  A fire dragon skeleton (Crypt:1)
  87 slime creatures
  29 flying skulls
  8 spriggans
  Sigmund (D:4)
  6 wyverns
  An ettin skeleton (Crypt:1)
  2 fire bats (Abyss:4)
  4 vampires
  40 yaks
  3 ynoxinuls
  6 humans (D:13)
  26 water elementals
  9 wraiths
  Eustachio (D:4)
  21 small abominations
  An alligator snapping turtle simulacrum (Crypt:1)
  15 ushabtiu
  A dire elephant simulacrum (Crypt:3)
  7 chaos spawn
  10 basilisks
  7 neqoxecs
  4 steam dragons
  9 fire elementals
  3 redbacks
  3 vampire mosquitoes (D:12)
  10 wargs (Orc:2)
  43 nagas
  2 acid dragons
  A hydra simulacrum (Hell)
  Edmund (D:6)
  A faun zombie (Crypt:3)
  A swamp worm (shapeshifter) (Elf:1)
  A naga zombie (Crypt:3)
  5 floating eyes
  A faun skeleton (Crypt:3)
  4 hell hounds
  A floating eye (shapeshifter) (Abyss:4)
  17 water moccasins
  A demonspawn skeleton (Crypt:1)
  A sky beast (D:8)
  3 glowing shapeshifter skeletons (Depths:2)
  22 large abominations
  43 orc warriors
  4 ice beasts
  A fire dragon simulacrum (Crypt:1)
  13 ogres
  A tengu (Abyss:4)
  36 wolves
  9 centaurs
  A lindwurm skeleton (Crypt:3)
  A snapping turtle skeleton (Crypt:2)
  A phantom (D:7)
  8 bullfrogs
  3 earth elementals
  An elf zombie (Elf:1)
  4 scorpions
  14 wights
  2 cyclops skeletons
  19 killer bees
  3 electric eels
  2 howler monkeys (D:10)
  A crimson imp (D:8)
  A quasit (Abyss:3)
  9 hounds
  3 jellies
  A gnoll bouda (D:5)
  19 orc priests
  A human skeleton (Crypt:2)
  2 sleepcaps
  An iguana (D:5)
  A boggart zombie (Crypt:3)
  13 orc wizards
  13 hell rats (Hell)
  An ogre skeleton (Crypt:2)
  18 mummies (Tomb:1)
  4 adders
  8 gnolls
  A steam dragon zombie (Crypt:2)
  A shadow imp (D:5)
  7 white imps
  An iguana skeleton (Crypt:1)
  5 worms
  2 dart slugs
  111 orcs
  7 ball pythons
  10 endoplasms
  7 giant cockroaches
  6 goblins
  7 hobgoblins
  3 jackals (D:3)
  8 kobolds
  8 quokkas
  5 bats
  An endoplasm zombie (Crypt:2)
  2 frilled lizards
  An orc skeleton (Crypt:1)
  4 rats
  5 fire vortices (Hell)
  A lurking horror (Abyss:1)
  8 starspawn tentacles
  2 tentacles (Shoals:2)
2628 creatures vanquished.

Vanquished Creatures (others)
  Kirke (D:13)
  An ironbound preserver (Vaults:1)
  Nessos (Orc:2)
  A vault guard (D:13)
  2 soul eaters (Hell)
  A wizard (Vaults:2)
  A deep elf pyromancer (Elf:1)
  A spectral harpy (Tar:5)
  A fire bat (Abyss:4)
  2 hogs (D:13)
  5 humans (D:13)
  An acid dragon (Abyss:4)
  A mummy (Tomb:1)
  A creeping inferno (Hell)
  49 fulminant prisms
  21 fungi
  159 plants
  11 starspawn tentacles
  6 tentacles
266 creatures vanquished.

Grand Total: 2894 creatures vanquished

Notes
Turn   | Place    | Note
-------+----------+-------------------------------------------
     0 | D:1      | Iniera the Demonspawn Conjurer began the quest for the Orb.
     0 | D:1      | Reached XP level 1. HP: 13/13 MP: 3/3
   277 | D:1      | Found a faded altar of an unknown god.
   280 | D:1      | Prayed at the altar of an unknown god.
   280 | D:1      | Became a worshipper of Vehumet
   280 | D:1      | Reached * piety under Vehumet
   280 | D:1      | Offered knowledge of Shock by Vehumet.
   416 | D:1      | Gained mutation: A meltable shield of frost defends you.
                  | (SH +4) [demonic ancestry]
   416 | D:1      | Reached XP level 2. HP: 19/19 MP: 1/5
   419 | D:1      | Learned a level 2 spell: Searing Ray
  1097 | D:2      | Found Veugg's Distillery.
  1106 | D:2      | Bought a potion of curing for 33 gold pieces
  1106 | D:2      | Bought a potion of lignification for 33 gold pieces
  1179 | D:2      | Gained mutation: You have a pair of small antennae on your
                  | head. [demonic ancestry]
  1179 | D:2      | Reached XP level 3. HP: 24/24 MP: 2/7
  1307 | D:2      | Reached ** piety under Vehumet
  1307 | D:2      | Offered knowledge of Foxfire by Vehumet.
  2339 | D:2      | Gained mutation: A meltable icy envelope protects you from
                  | harm. (AC +8) [demonic ancestry]
  2339 | D:2      | Reached XP level 4. HP: 30/30 MP: 5/9
  2503 | D:3      | Learned a level 4 spell: Fulminant Prism
  2802 | D:3      | Found a blossoming altar of Fedhas.
  2828 | D:3      | Offered knowledge of Inner Flame by Vehumet.
  2839 | D:3      | Reached skill level 5 in Conjurations
  2878 | D:3      | Gained mutation: You are partially covered in razor-sharp
                  | scales. (AC +1, Slay +1) [demonic ancestry]
  2878 | D:3      | Reached XP level 5. HP: 30/35 MP: 8/11
  3009 | D:4      | Noticed Sigmund
  3019 | D:4      | Killed Sigmund
  3020 | D:4      | Gained mutation: You have a pair of antennae on your head.
                  | [demonic ancestry]
  3020 | D:4      | Reached XP level 6. HP: 23/41 MP: 7/13
  3028 | D:4      | Reached skill level 5 in Spellcasting
  3084 | D:3      | Learned a level 4 spell: Iskenderun's Mystic Blast
  3146 | D:4      | Found an ancient bone altar of Kikubaaqudgha.
  3302 | D:4      | Noticed Eustachio
  3321 | D:4      | Killed Eustachio
  3322 | D:4      | Reached skill level 1 in Hexes
  3322 | D:4      | Reached skill level 1 in Translocations
  3322 | D:4      | Reached XP level 7. HP: 45/46 MP: 2/15
  3461 | D:4      | Reached *** piety under Vehumet
  4052 | D:4      | Offered knowledge of Hailstorm by Vehumet.
  4309 | D:5      | Entered Level 5 of the Dungeon
  4441 | D:5      | Reached skill level 1 in Armour
  4721 | D:5      | Gained mutation: You are mostly covered in razor-sharp
                  | scales. (AC +2, Slay +2) [demonic ancestry]
  4721 | D:5      | Reached XP level 8. HP: 52/52 MP: 13/16
  5539 | D:5      | Reached **** piety under Vehumet
  6443 | D:6      | Noticed Edmund
  6452 | D:6      | Killed Edmund
  6543 | D:6      | Offered knowledge of Sticky Flame by Vehumet.
  6544 | D:6      | Gained mutation: A meltable icy envelope protects you from
                  | harm. (AC +8) [demonic ancestry]
  6544 | D:6      | Reached XP level 9. HP: 28/57 MP: 11/18
  6643 | D:6      | Found a radiant altar of Vehumet.
  7088 | D:7      | Reached skill level 1 in Fighting
  7732 | D:7      | Found a staircase to the Ecumenical Temple.
  7934 | D:7      | Identified a scroll of acquirement
  7934 | D:7      | Acquired the Handbook of the Hiemal Wayfarer
  8204 | D:7      | Found a stormy altar of Qazlal.
  8246 | D:7      | Reached skill level 1 in Staves
  8323 | D:8      | Reached skill level 1 in Ice Magic
  8326 | D:8      | Reached XP level 10. HP: 71/71 MP: 10/21
  8596 | D:8      | Reached skill level 2 in Ice Magic
  8632 | D:8      | Noticed a two-headed ogre
  8641 | D:8      | Killed a two-headed ogre
  8642 | D:8      | Reached skill level 1 in Evocations
  9044 | D:8      | Found a burning altar of Makhleb.
  9044 | D:8      | Found a shimmering altar of Xom.
  9341 | D:9      | Found a staircase to the Orcish Mines.
  9478 | D:9      | Reached skill level 3 in Ice Magic
  9599 | D:9      | Reached ***** piety under Vehumet
  9700 | D:9      | Offered knowledge of Irradiate by Vehumet.
  9707 | D:9      | Learned a level 5 spell: Irradiate
  9846 | D:9      | Reached skill level 5 in Fighting
  9846 | D:9      | Noticed a two-headed ogre
  9848 | D:9      | Gained mutation: You are partially covered in sharp spines.
                  | [demonic ancestry]
  9848 | D:9      | Reached XP level 11. HP: 77/79 MP: 13/23
  9858 | D:9      | Killed a two-headed ogre
  9859 | D:9      | Reached skill level 4 in Ice Magic
 10228 | D:9      | Found a hazy altar of Hepliaklqana.
 10229 | D:9      | Found a faded altar of an unknown god.
 10347 | D:10     | Entered Level 10 of the Dungeon
 10356 | D:10     | Reached skill level 1 in Transmutations
 10532 | D:10     | Found a transporter.
 10532 | D:10     | Noticed cforsyth's ghost (journeyman OgFE)
 10533 | D:10     | Noticed a centaur warrior
 10533 | D:10     | Noticed a centaur warrior
 10535 | D:10     | Noticed a two-headed ogre
 10687 | D:10     | Found a staircase to the Lair.
 10711 | D:10     | Noticed a two-headed ogre
 10723 | D:10     | Killed a two-headed ogre
 10724 | D:10     | Reached skill level 5 in Staves
 10724 | D:10     | Reached skill level 1 in Shields
 10724 | D:10     | Reached skill level 5 in Ice Magic
 11108 | D:10     | Found a transporter.
 11194 | D:11     | Noticed a boulder beetle
 11391 | D:10     | Killed a boulder beetle
 11760 | D:11     | Noticed a red ugly thing
 11778 | D:11     | Killed a red ugly thing
 11996 | D:11     | Offered knowledge of Spellforged Servitor by Vehumet.
 12351 | D:12     | Noticed a two-headed ogre
 12360 | D:12     | Killed a two-headed ogre
 12480 | D:12     | Noticed a two-headed ogre
 12491 | D:12     | Killed a two-headed ogre
 12492 | D:12     | Gained mutation: You are completely covered in razor-sharp
                  | scales. (AC +3, Slay +3) [demonic ancestry]
 12492 | D:12     | Reached XP level 12. HP: 83/88 MP: 20/24
 12575 | D:12     | Reached skill level 6 in Ice Magic
 12938 | D:12     | Paralysed by a floating eye for 2 turns
 12941 | D:12     | Noticed an ogre mage
 12942 | D:12     | Paralysed by a floating eye for 3 turns
 12954 | D:12     | Paralysed by a floating eye for 3 turns
 12961 | D:12     | Killed an ogre mage
 13361 | D:12     | Identified the +3 long sword of Conformity {heavy, rF+
                  | Str+4 Dex+2}
 13559 | D:13     | Noticed a boulder beetle
 13571 | D:13     | Noticed a seven-headed hydra
 13580 | D:13     | Killed a boulder beetle
 13581 | D:13     | Reached skill level 5 in Evocations
 13581 | D:13     | Killed a seven-headed hydra
 13683 | D:13     | Killed Kirke
 13696 | D:13     | Noticed Lodul
 13825 | D:13     | Noticed a centaur warrior
 13833 | D:13     | Killed a centaur warrior
 13834 | D:13     | Reached skill level 10 in Conjurations
 13834 | D:13     | Reached skill level 7 in Ice Magic
 14025 | D:13     | Killed Lodul
 14140 | D:13     | Noticed a six-headed hydra
 14152 | D:13     | Killed a six-headed hydra
 14310 | D:13     | Noticed an eight-headed hydra
 14329 | D:13     | Killed an eight-headed hydra
 14373 | D:13     | Killed a vault guard
 14396 | D:13     | Noticed a boulder beetle
 14489 | D:13     | Killed a boulder beetle
 14687 | D:13     | Noticed a vault guard
 14725 | D:13     | Killed a vault guard
 14735 | D:13     | Noticed a boulder beetle
 14889 | D:13     | Killed a boulder beetle
 15033 | D:13     | Noticed a vault guard
 15051 | D:13     | Killed a vault guard
 15052 | D:13     | Gained mutation: You have a pair of large antennae on your
                  | head. (SInv) [demonic ancestry]
 15052 | D:13     | Reached XP level 13. HP: 81/96 MP: 19/26
 15114 | D:13     | Found a gate to the Vaults.
 15270 | Lair:1   | Entered Level 1 of the Lair of Beasts
 15336 | Lair:1   | Reached skill level 8 in Ice Magic
 15635 | Lair:1   | Offered knowledge of Arcjolt by Vehumet.
 16401 | Lair:2   | Reached skill level 9 in Ice Magic
 16538 | Lair:2   | Noticed Maggie
 16555 | Lair:2   | Killed Maggie
 17774 | Lair:3   | Reached skill level 10 in Ice Magic
 17889 | Lair:3   | Found a staircase to the Shoals.
 18050 | Lair:3   | Gained mutation: You are robust. (+10% HP) [demonic
                  | ancestry]
 18050 | Lair:3   | Reached XP level 14. HP: 88/113 MP: 27/27
 18311 | Lair:3   | Found a staircase to the Snake Pit.
 18673 | Lair:4   | Reached skill level 11 in Ice Magic
 18700 | Lair:4   | Offered knowledge of Yara's Violent Unravelling by Vehumet.
 18724 | Lair:4   | Learned a level 5 spell: Yara's Violent Unravelling
 18732 | Lair:4   | Learned a level 7 spell: Ozocubu's Refrigeration
 18831 | Lair:4   | Identified the +1 pair of boots of Mamealui {rPois MP+9}
 18938 | Lair:4   | Identified the +2 ring mail of Contumacious Awe {rPois rN+
                  | Slay+3}
 19166 | Lair:4   | Reached skill level 5 in Armour
 19166 | Lair:4   | Reached skill level 12 in Ice Magic
 19166 | Lair:4   | Gained mutation: You are mostly covered in sharp spines.
                  | [demonic ancestry]
 19166 | Lair:4   | Reached XP level 15. HP: 122/122 MP: 28/28
 19541 | Lair:5   | Entered Level 5 of the Lair of Beasts
 19700 | Lair:5   | Identified the staff of fire "Numuehuf" {+Blink rF+ MP+9
                  | Int+4}
 19838 | Lair:5   | Found a runed translucent door.
 19920 | Lair:5   | Found a staircase to the Slime Pits.
 19920 | Lair:5   | Found a viscous altar of Jiyva.
 19927 | Lair:5   | Reached skill level 10 in Spellcasting
 19987 | Lair:5   | Identified the +8 arbalest of Fate {freeze, rF+++ Will-
                  | rCorr MP-9}
 20606 | Lair:5   | Reached skill level 13 in Ice Magic
 20619 | Lair:5   | Offered knowledge of Freezing Cloud by Vehumet.
 20849 | Lair:5   | Upgraded the game from 0.30-a0-924-g0ad0bf95bc to
                  | 0.30-a0-930-gb9d0489357
 20867 | Lair:5   | Learned a level 5 spell: Freezing Cloud
 21249 | Lair:5   | Found a corrupted altar of Lugonu.
 21249 | Lair:5   | Found a one-way gate to the infinite horrors of the Abyss.
 21476 | Lair:5   | Identified the +8 spear of Fury {venom, rN+}
 21476 | Lair:5   | Noticed Iniera's ghost (journeyman VSMo)
 21622 | Orc:1    | Entered Level 1 of the Orcish Mines
 21728 | Orc:1    | Found Aggefoadi's Antique Armour Shoppe.
 21936 | Orc:2    | Entered Level 2 of the Orcish Mines
 22007 | Orc:2    | Found a staircase to the Elven Halls.
 22021 | Orc:1    | Reached skill level 1 in Air Magic
 22428 | Orc:2    | Found Suklui's Armour Boutique.
 22434 | Orc:2    | Found Ocloripp's Distillery.
 22449 | Orc:2    | Reached ****** piety under Vehumet
 22450 | Orc:2    | Reached XP level 16. HP: 127/133 MP: 27/30
 22463 | Orc:2    | Offered knowledge of Conjure Ball Lightning by Vehumet.
 22523 | Orc:2    | Bought a potion of invisibility for 136 gold pieces
 22523 | Orc:2    | Bought a potion of resistance for 170 gold pieces
 22523 | Orc:2    | Bought a potion of magic for 136 gold pieces
 22523 | Orc:2    | Bought a potion of curing for 51 gold pieces
 22523 | Orc:2    | Bought a potion of curing for 51 gold pieces
 22523 | Orc:2    | Bought a potion of brilliance for 68 gold pieces
 22677 | Orc:2    | Noticed Nessos
 22682 | Orc:2    | Killed Nessos
 22846 | Orc:2    | Found a runed translucent door.
 22846 | Orc:2    | Found a shimmering altar of Xom.
 22846 | Orc:2    | Noticed Palms's ghost (journeyman DrVM)
 22875 | Orc:2    | Noticed Saint Roka
 22877 | Orc:2    | Reached skill level 10 in Fighting
 22904 | Orc:2    | Killed Saint Roka
 22905 | Orc:2    | Reached skill level 14 in Ice Magic
 22912 | Orc:2    | Offered knowledge of Maxwell's Capacitive Coupling by
                  | Vehumet.
 23295 | Orc:2    | Found Yvurcheec's Antique Armour Emporium.
 23304 | Orc:2    | Found Niury's Antique Weapon Boutique.
 24186 | D:14     | Noticed Jorgrun
 24190 | D:14     | Killed Jorgrun
 24657 | D:15     | Entered Level 15 of the Dungeon
 25231 | D:15     | Learned a level 8 spell: Maxwell's Capacitive Coupling
 25370 | D:15     | Found a staircase to the Depths.
 25629 | Snake:1  | Entered Level 1 of the Snake Pit
 25834 | Snake:1  | Identified the +1 robe of Deecw {rN+++ Str-3}
 26354 | Snake:1  | Identified the +1 chain mail "Zumunoth" {Rampage Str+2
                  | Dex+3 Slay+3}
 26871 | Snake:2  | Found Qaisuti's Distillery.
 26879 | Snake:2  | Bought a potion of heal wounds for 65 gold pieces
 26879 | Snake:2  | Bought a potion of heal wounds for 65 gold pieces
 26879 | Snake:2  | Bought a potion of ambrosia for 104 gold pieces
 26879 | Snake:2  | Bought 2 potions of heal wounds for 130 gold pieces
 27292 | Snake:3  | Noticed Vashnia
 27310 | Snake:3  | Killed Vashnia
 27311 | Snake:3  | Reached XP level 17. HP: 35/140 MP: 23/34
 27352 | Snake:3  | Reached skill level 15 in Ice Magic
 27651 | Snake:3  | Found Jueclaff's Book Shoppe.
 28161 | Snake:3  | Identified Roxanne's Spellbook of Reformation
 28161 | Snake:3  | Noticed Roxanne
 28215 | Snake:3  | Killed Roxanne
 28617 | Snake:3  | Found a runed translucent door.
 28630 | Snake:3  | Noticed relicbr's ghost (adept SpDe)
 28636 | Snake:3  | Killed relicbr's ghost
 28642 | Snake:3  | Identified the ring of Eruos {Fly MP+9 Str+3}
 28905 | Snake:4  | Entered Level 4 of the Snake Pit
 29056 | Snake:4  | Offered knowledge of Fire Storm by Vehumet.
 29056 | Snake:4  | Offered knowledge of Chain Lightning by Vehumet.
 29056 | Snake:4  | Offered knowledge of Ignition by Vehumet.
 29971 | Snake:4  | Reached skill level 5 in Dodging
 31173 | Snake:4  | Noticed a quicksilver dragon
 31176 | Snake:4  | Killed a quicksilver dragon
 31177 | Snake:4  | Reached skill level 5 in Shields
 31240 | Snake:4  | Noticed a quicksilver dragon
 31247 | Snake:4  | Killed a quicksilver dragon
 31515 | Snake:4  | Got a serpentine rune of Zot
 31759 | Vaults:1 | Entered Level 1 of the Vaults
 31907 | Elf:1    | Entered Level 1 of the Elven Halls
 32073 | Elf:1    | Reached XP level 18. HP: 117/151 MP: 35/35
 32246 | Elf:1    | Reached skill level 16 in Ice Magic
 33034 | Elf:1    | Reached skill level 5 in Transmutations
 33212 | Elf:1    | Got the Notes on Sciomancy
 33491 | Elf:1    | Found Hurhisch's Weapon Shoppe.
 33763 | Elf:2    | Noticed Azrael
 33767 | Elf:2    | Killed Azrael
 33983 | Elf:2    | Found Cexo's Armour Emporium.
 34273 | Elf:2    | Found a huge runed translucent gate.
 34273 | Elf:2    | Found a huge runed translucent gate.
 34273 | Elf:2    | Found a huge runed translucent gate.
 34274 | Elf:2    | Found a huge runed translucent gate.
 34274 | Elf:2    | Found a huge runed translucent gate.
 34623 | Elf:2    | Noticed a Tzitzimitl
 34858 | Elf:2    | Noticed Agnes
 34869 | Elf:2    | Killed Agnes
 35812 | Elf:3    | Entered Level 3 of the Elven Halls
 36289 | Elf:3    | Reached skill level 17 in Ice Magic
 36596 | Elf:3    | Paralysed by an air elemental for 1 turns
 36657 | Elf:3    | Reached XP level 19. HP: 160/160 MP: 36/36
 37112 | Elf:3    | Identified the +0 leather armour of Weightlessness {Will+}
 37131 | Elf:3    | Identified the +3 morningstar "Erushus" {holy, rElec rN+
                  | Str-2}
 37131 | Elf:3    | Identified the ring of Waad {+Blink rPois rC+}
 37411 | Elf:3    | Identified the +8 glaive of Bodily Humours {drain, rElec
                  | rN+ Will+}
 37444 | Elf:3    | Noticed a Tzitzimitl
 38363 | Elf:3    | Identified the +5 mace of Bivoxeam {flame, *Corrode rC+
                  | MP+9 Str+5 Dex+2}
 38486 | Elf:3    | Identified the +8 falchion of the Puffball {speed, rF+}
 38632 | Elf:3    | Identified the +0 helmet "Acickaocs" {Will++ Dex+3}
 38651 | Elf:3    | Identified the +0 pair of gloves of the Barracuda {+Inv
                  | Str+5 Dex+3}
 38670 | Elf:3    | Identified the +0 pair of boots of the Monkey {rC- rN+
                  | Stlth+}
 39027 | Shoals:1 | Entered Level 1 of the Shoals
 40362 | Shoals:1 | Reached skill level 18 in Ice Magic
 40405 | Shoals:1 | Acquired 820 gold pieces
 40929 | Shoals:2 | Noticed Louise
 40935 | Shoals:2 | Killed Louise
 41237 | Shoals:2 | Identified the +7 rapier "Ommesh" {venom, rC+ SInv}
 41655 | Shoals:2 | Found a shadowy altar of Dithmenos.
 41689 | Shoals:2 | Got the Almanac of the Compass and the Dose
 41807 | Shoals:2 | Noticed Polyphemus
 41816 | Shoals:2 | Killed Polyphemus
 42019 | Shoals:2 | Identified the +6 chain mail "Donn" {MP+9 Str+3}
 42140 | Shoals:2 | Reached XP level 20. HP: 171/171 MP: 38/38
 43591 | Shoals:4 | Entered Level 4 of the Shoals
 43595 | Shoals:4 | Found a large runed translucent door.
 43917 | Shoals:4 | Found a large runed translucent door.
 43926 | Shoals:4 | Noticed baller8008's ghost (adept DjCj)
 44094 | Shoals:4 | Noticed Ilsuiw
 44101 | Shoals:4 | Killed Ilsuiw
 45136 | Shoals:4 | Reached skill level 10 in Evocations
 45193 | Shoals:4 | Got a barnacled rune of Zot
 45831 | Vaults:1 | Found Este's Magic Scroll Shop.
 45836 | Vaults:1 | Bought a scroll of blinking for 157 gold pieces
 45836 | Vaults:1 | Bought a scroll of blinking for 157 gold pieces
 45848 | Vaults:1 | Reached skill level 19 in Ice Magic
 46571 | Vaults:1 | Reached skill level 15 in Spellcasting
 47052 | Vaults:1 | You are sucked into a shaft and drop 1 floor!
 47343 | Vaults:2 | Noticed a bone dragon
 47366 | Vaults:2 | Killed a bone dragon
 47367 | Vaults:2 | Reached XP level 21. HP: 153/181 MP: 28/40
 48191 | Vaults:2 | Reached skill level 15 in Conjurations
 49043 | Vaults:2 | Found a staircase to the Crypt.
 49185 | Vaults:2 | Found Lamiattu's Armour Shoppe.
 49942 | Vaults:3 | Noticed Donald
 49949 | Vaults:3 | Killed Donald
 50841 | Vaults:4 | Found Tunwoar's Magic Scroll Shop.
 50856 | Vaults:4 | Bought a scroll of blinking for 105 gold pieces
 50856 | Vaults:4 | Bought a scroll of fear for 56 gold pieces
 50856 | Vaults:4 | Bought a scroll of fear for 56 gold pieces
 51062 | Vaults:4 | Identified the +7 storm dragon scales "Finlibri" {Fly rElec
                  | rC- rN++ Dex-4}
 52380 | Vaults:4 | Found Nithrih's Jewellery Shoppe.
 52380 | Vaults:4 | Found Jezxop's Antique Weapon Shoppe.
 52380 | Vaults:4 | Found Xonitt's Armour Shoppe.
 52404 | Vaults:4 | Bought a +0 cloak of stealth for 230 gold pieces
 52524 | Vaults:5 | Entered Level 5 of the Vaults
 52529 | Vaults:5 | Gained mutation: You are very robust. (+20% HP) [demonic
                  | ancestry]
 52529 | Vaults:5 | Reached XP level 22. HP: 157/208 MP: 39/41
 52530 | Vaults:5 | Reached skill level 20 in Ice Magic
 53016 | Vaults:5 | Reached skill level 15 in Fighting
 53032 | Vaults:5 | Noticed an ancient lich
 53071 | Vaults:5 | Killed an ancient lich
 53072 | Vaults:5 | Reached skill level 5 in Air Magic
 53078 | Vaults:5 | Identified the +7 dagger of Plague {flame, rElec Str+4}
 53504 | Depths:1 | Entered Level 1 of the Depths
 53527 | Depths:1 | Reached skill level 10 in Staves
 53909 | Depths:1 | Found Winipt's Assorted Antiques.
 53999 | Depths:1 | Found a magical portal.
 54012 | WizLab   | Entered Alistair's Party Mansion
 54444 | WizLab   | Paralysed by a floating eye for 4 turns
 54588 | WizLab   | Reached skill level 5 in Hexes
 54786 | WizLab   | Got the Catalogue of Darkness and the Iceberg
 54991 | Depths:1 | Identified the +1 scale mail "Waerub" {SInv}
 55209 | Depths:1 | Found Kyqailac's Assorted Antiques.
 55220 | Depths:1 | Bought a scroll of acquirement for 2080 gold pieces
 55220 | Depths:1 | Bought a potion of curing for 120 gold pieces
 55220 | Depths:1 | Bought a potion of haste for 400 gold pieces
 55220 | Depths:1 | Bought a wand of light (4) for 672 gold pieces
 55220 | Depths:1 | Bought a twisted leather armour for 280 gold pieces
 55220 | Depths:1 | Identified the +0 leather armour of Forking Paths {*Corrode
                  | rC+ Int+6 Dex+2} (You bought it in a shop on level 1 of the
                  | Depths)
 55256 | Depths:1 | Bought a dazzling leather armour for 224 gold pieces
 55256 | Depths:1 | Identified the +1 leather armour of Loss {rElec} (You
                  | bought it in a shop on level 1 of the Depths)
 55272 | Depths:1 | Found Giyl's Jewellery Shoppe.
 55282 | Depths:1 | Found a shadowy altar of Dithmenos.
 55406 | Depths:1 | Found Guzy's Book Emporium.
 55423 | Depths:1 | Found Omiavo Wairr's Armour Shoppe.
 55553 | Depths:1 | Found a gateway to Hell.
 55744 | Depths:1 | Found Oleoraf's Jewellery Shop.
 55744 | Depths:1 | Found Sid Jastra's Book Shoppe.
 55745 | Depths:1 | Found Vaownome's Jewellery Shop.
 55857 | Depths:2 | Noticed Mara
 55875 | Depths:2 | Killed Mara
 56088 | Depths:2 | Found a one-way gate leading to the halls of Pandemonium.
 56269 | Depths:2 | Reached XP level 23. HP: 175/218 MP: 43/43
 56270 | Depths:2 | Noticed Sojobo
 56280 | Depths:2 | Paralysed by an air elemental for 1 turns
 56283 | Depths:2 | Killed Sojobo
 56895 | Depths:2 | Found Ettutal's Armour Boutique.
 56902 | Depths:2 | Bought a +1 pair of gloves of strength for 280 gold pieces
 56915 | Depths:2 | Found Ibruwn's Book Shop.
 57365 | Depths:2 | Identified the +8 quarterstaff "Izuimak" {flame, Int+2}
 57982 | Depths:3 | Found the +9 staff of Olgreb {rPois∞}
 58251 | Depths:3 | Reached skill level 10 in Dodging
 58907 | Depths:3 | Noticed a juggernaut
 58908 | Depths:3 | Noticed a caustic shrike
 58913 | Depths:3 | Killed a caustic shrike
 58918 | Depths:3 | Killed a juggernaut
 59315 | Depths:3 | You are sucked into a shaft and drop 1 floor!
 59315 | Depths:4 | Entered Level 4 of the Depths
 59315 | Depths:4 | Found a one-way gateway to a ziggurat.
 59540 | Depths:3 | Acquired an amulet of regeneration
 59987 | Depths:3 | Acquired 281 gold pieces
 60299 | Depths:3 | Reached skill level 1 in Earth Magic
 60468 | Depths:3 | Found a hide-covered altar of Uskayaw.
 61080 | Depths:4 | Learned a level 2 spell: Blink
 61304 | Depths:4 | Gained mutation: You are extremely robust. (+30% HP)
                  | [demonic ancestry]
 61304 | Depths:4 | Reached XP level 24. HP: 48/244 MP: 14/43
 61305 | Depths:4 | HP: 7/245 [black draconian knight/bolt of lightning (18)]
 61310 | Depths:3 | HP: 7/245 [poisoned by a golden dragon (blast of poison)]
 62066 | Depths:4 | Found a runed translucent door.
 62066 | Depths:4 | Found a runed translucent door.
 62066 | Depths:4 | Found a runed translucent door.
 62123 | Depths:4 | Found a runed translucent door.
 62169 | Depths:4 | Found a gate to the Realm of Zot.
 62288 | Depths:4 | Found a runed translucent door.
 62298 | Depths:4 | Found a runed translucent door.
 62437 | Depths:1 | Bought a book of Ice for 736 gold pieces
 62447 | Depths:1 | Learned a level 9 spell: Polar Vortex
 62654 | Crypt:1  | Entered Level 1 of the Crypt
 63061 | Crypt:1  | Reached skill level 21 in Ice Magic
 63275 | Crypt:1  | Noticed Boris
 63290 | Crypt:1  | Killed Boris
 63466 | Crypt:1  | Found a basalt altar of Yredelemnul.
 63601 | Crypt:1  | Identified the +3 fire dragon scales of Buwni {rF++ rC-
                  | Str+3 Int+3 Slay+3 Stlth+}
 64362 | Crypt:2  | Identified the +10 hand axe "Ompawilo" {flame, Fly Int+2}
 64368 | Crypt:2  | Paralysed by a vampire knight for 4 turns
 65183 | Crypt:3  | Entered Level 3 of the Crypt
 65375 | Crypt:3  | Found a staircase to the Tomb.
 65560 | Crypt:3  | Noticed Grunn
 65571 | Crypt:3  | Killed Grunn
 66045 | Crypt:3  | Noticed Boris
 66060 | Crypt:3  | Killed Boris
 66061 | Crypt:3  | Reached skill level 22 in Ice Magic
 66479 | Crypt:3  | Noticed a royal mummy
 66481 | Crypt:3  | Identified the ring "Livopoc" {rC+ rN+ rCorr Int-5}
 66490 | Crypt:3  | Killed a royal mummy
 67352 | Crypt:3  | Identified the ring "Synep" {+Blink rPois rN+ SInv}
 67434 | Crypt:3  | Found an ancient bone altar of Kikubaaqudgha.
 67442 | Crypt:3  | Found a basalt altar of Yredelemnul.
 67522 | Crypt:3  | Identified the amulet of Polytheism {Rampage *Corrode
                  | Regen+ Str+4 Dex+5}
 67530 | Crypt:3  | Identified the staff of fire "Piw Hit" {rF+ rC- rN++ Will+
                  | Int+2}
 67769 | Tomb:1   | Entered Level 1 of the Tomb of the Ancients
 67868 | Tomb:1   | Paralysed by a sphinx for 4 turns
 67930 | Tomb:1   | Reached XP level 25. HP: 198/256 MP: 44/44
 68568 | Tomb:1   | Noticed a royal mummy
 68581 | Tomb:1   | Killed a royal mummy
 68624 | Tomb:1   | Noticed a royal mummy
 68632 | Tomb:1   | Killed a royal mummy
 69987 | Vaults:5 | Identified the +1 robe of the Comet {rF+ rC+}
 70125 | Vaults:5 | Reached skill level 10 in Air Magic
 70263 | Vaults:5 | Identified the ring "Rosk" {rC+ Str+3 Int+4}
 70430 | Vaults:4 | Acquired the ring of Deycaroy {rC+ Will+ Dex+4}
 70612 | Vaults:5 | Noticed a dread lich
 70615 | Vaults:5 | Noticed a dread lich
 70616 | Vaults:5 | Paralysed by a dread lich for 2 turns
 70620 | Vaults:5 | Killed a dread lich
 70626 | Vaults:5 | Killed a dread lich
 71055 | Vaults:5 | Got a silver rune of Zot
 71282 | Vaults:5 | Found Vijiqexo's Antique Armour Shoppe.
 71296 | Vaults:5 | Found Osidauma's General Store.
 71300 | Vaults:5 | Bought a potion of curing for 57 gold pieces
 71300 | Vaults:5 | Bought 2 potions of curing for 114 gold pieces
 71300 | Vaults:5 | Bought the scarf "Pirpho Zixkai" {repulsion, Str+4} for 482
                  | gold pieces
 71347 | Vaults:5 | Identified the +1 leather armour of the Big Bang {Contam
                  | rF+ Str+3}
 71479 | Vaults:5 | Found Xesm's Antique Armour Shoppe.
 71479 | Vaults:5 | Noticed a dread lich
 71492 | Vaults:5 | Killed a dread lich
 71610 | Vaults:5 | Found Etumevuc's General Store.
 72297 | Vaults:5 | Bought a scroll of enchant armour for 135 gold pieces
 72413 | Vaults:1 | Bought a scroll of enchant armour for 157 gold pieces
 73283 | Hell     | Entered the Vestibule of Hell
 73283 | Hell     | Noticed Geryon
 73295 | Hell     | Killed Geryon
 73324 | Hell     | Reached XP level 26. HP: 209/266 MP: 23/45
 73336 | Hell     | Reached skill level 10 in Shields
 73337 | Hell     | Reached skill level 23 in Ice Magic
 74281 | Hell     | Found a gateway to the freezing wastes of Cocytus.
 74519 | Hell     | Found a gateway to the decaying netherworld of Tartarus.
 74561 | Hell     | Found a gateway to the ashen valley of Gehenna.
 74588 | Hell     | Found a gateway to the Iron City of Dis.
 75000 | Slime:1  | Entered Level 1 of the Pits of Slime
 75195 | Slime:5  | Entered Level 5 of the Pits of Slime
 75664 | Slime:5  | Gained mutation: Your system is resistant to poisons.
                  | (rPois) [a shining eye]
 75665 | Slime:5  | Gained mutation: You occasionally lose the ability to drink
                  | potions when taking damage. [a shining eye]
 75667 | Slime:5  | Reached skill level 10 in Armour
 75803 | Slime:5  | Found a viscous altar of Jiyva.
 75804 | Slime:5  | Noticed the Royal Jelly
 75827 | Slime:5  | Killed the Royal Jelly
 75859 | Slime:5  | Gained mutation: You are dopey. (Int -2) [a shining eye]
 75871 | Slime:5  | Got a slimy rune of Zot
 75890 | Slime:5  | Identified the ring "Nealem" {Str+6 Dex+3}
 75953 | Slime:5  | Identified the staff of air "Tibruc" {rElec rPois rF+
                  | Int+3}
 75956 | Slime:5  | Found the +8 arc blade {discharge, rElec}
 75970 | Slime:5  | Got the Information on Doomed Forms
 76037 | Slime:5  | Identified the +0 leather armour of Modesty {Rampage +Blink
                  | rF- rN+}
 76423 | Orc:2    | Lost mutation: Your system is resistant to poisons. (rPois)
                  | [potion of mutation]
 76423 | Orc:2    | Lost mutation: You are dopey. (Int -2) [potion of mutation]
 76423 | Orc:2    | Gained mutation: You are dopey. (Int -2) [potion of
                  | mutation]
 76423 | Orc:2    | Gained mutation: You sometimes lose the ability to drink
                  | potions when taking damage. [potion of mutation]
 76423 | Orc:2    | Gained mutation: Armour fits poorly on your strangely
                  | shaped body. [potion of mutation]
 76423 | Orc:2    | Gained mutation: You have hidden genetic potential. [potion
                  | of mutation]
 76424 | Orc:2    | Lost mutation: You sometimes lose the ability to drink
                  | potions when taking damage. [potion of mutation]
 76424 | Orc:2    | Lost mutation: Armour fits poorly on your strangely shaped
                  | body. [potion of mutation]
 76424 | Orc:2    | Gained mutation: You passively map a small area around you.
                  | [potion of mutation]
 76424 | Orc:2    | Gained mutation: You passively map the area around you.
                  | [potion of mutation]
 76425 | Orc:2    | Lost mutation: You have hidden genetic potential. [potion
                  | of mutation]
 76425 | Orc:2    | Lost mutation: You passively map the area around you.
                  | [potion of mutation]
 76425 | Orc:2    | Gained mutation: Your body sometimes deteriorates upon
                  | taking damage. [potion of mutation]
 76425 | Orc:2    | Gained mutation: Your flesh is cold resistant. (rC+)
                  | [potion of mutation]
 76551 | Elf:3    | Lost mutation: You are dopey. (Int -2) [potion of mutation]
 76551 | Elf:3    | Lost mutation: You passively map a small area around you.
                  | [potion of mutation]
 76551 | Elf:3    | Lost mutation: Your flesh is cold resistant. (rC+) [potion
                  | of mutation]
 76551 | Elf:3    | Gained mutation: Potions are less effective at restoring
                  | your health. [potion of mutation]
 76551 | Elf:3    | Gained mutation: You sometimes lose the ability to drink
                  | potions when taking damage. [potion of mutation]
 76610 | Elf:1    | Lost mutation: Potions are less effective at restoring your
                  | health. [potion of mutation]
 76610 | Elf:1    | Lost mutation: Your body sometimes deteriorates upon taking
                  | damage. [potion of mutation]
 76610 | Elf:1    | Lost mutation: You sometimes lose the ability to drink
                  | potions when taking damage. [potion of mutation]
 76610 | Elf:1    | Gained mutation: You have hidden genetic potential. [potion
                  | of mutation]
 76610 | Elf:1    | Gained mutation: You possess an exceptional clarity of
                  | mind. [potion of mutation]
 76922 | Depths:3 | Voluntarily entered the Abyss.
 76980 | Abyss:1  | Found a corrupted altar of Lugonu.
 76989 | Abyss:1  | Found a corrupted altar of Lugonu.
 77261 | Abyss:1  | Found a corrupted altar of Lugonu.
 77415 | Abyss:2  | Found a bloodstained altar of Trog.
 77481 | Abyss:2  | Found a bloodstained altar of Trog.
 78458 | Abyss:3  | Found a corrupted altar of Lugonu.
 78693 | Abyss:4  | Gained mutation: You are completely covered in sharp
                  | spines. [demonic ancestry]
 78693 | Abyss:4  | Reached XP level 27. HP: 255/279 MP: 33/45
 78712 | Abyss:4  | Noticed a dread lich
 78713 | Abyss:4  | Noticed a dread lich
 78724 | Abyss:4  | Killed a dread lich
 78725 | Abyss:4  | Paralysed by a dread lich for 5 turns
 78726 | Abyss:4  | Killed a dread lich
 78736 | Abyss:4  | Got an abyssal rune of Zot
 78776 | Depths:3 | Escaped the Abyss
 79056 | Tar:1    | Entered Level 1 of Tartarus
 79577 | Tar:3    | You are sucked into a shaft and drop 2 floors!
 79591 | Tar:5    | Killed from afar by a Hell Sentinel

Illustrated notes

Levels and vault maps discovered:
D:1:      eino_arrival_tree_alley, layout_loops_ring,
          hellmonk_ecumenical_altar_inner_sanctum,
          hangedman_decor_clover_reticule, corexii_corridor_pit
D:2:      layout_basic, serial_shops, shop_statue, minmay_misc_feat_room,
          grunt_ministairs_15, minmay_tiny_reverse_x
D:3:      layout_rooms, fedhas_altar_1
D:4:      layout_loops_ring, mainiacjoe_overflow_catwalk,
          kennysheep_opposing_triangles, uniq_eustachio, uniq_sigmund
D:5:      minmay_spotlight, layout_loops_ring, serial_co_window_serial,
          co_window_of_opportunity_a, co_window_paths_a, co_window_paths_a,
          co_window_paths_a, co_window_paths_a, co_window_broadway_a,
          co_window_paths_c, co_window_broadway_a, co_window_2corner,
          co_window_4corner_b, glass_columns_c, kennysheep_generic_room_13
D:6:      layout_loops_corners, nicolae_vehumet_altar_sigil, serial_rivers,
          chequers_serial_rivers_small_b, chequers_serial_rivers_room_b,
          chequers_serial_rivers_micro_d, chequers_serial_rivers_room_a,
          chequers_serial_rivers_room_b, chequers_serial_rivers_micro_b,
          uniq_edmund
D:7:      layout_basic, mainiacjoe_overflow_surrounded_room,
          nicolae_qazlal_eye_of_the_storm, minmay_temple_entry_offerings
D:8:      layout_basic, grunt_temple_overflow_champion_of_chaos
D:9:      layout_roguey [special_room_orc], beargit_hepliaklqana_dungeon_heroes,
          david_orc_1_choice
D:10:     layout_rooms, erik_lair_island, gammafunk_ghost_arena
D:11:     layout_gridville, nicolae_kite_square_tiling_tiny
D:12:     hellmonk_paralyzer, layout_small_grid, minmay_misc_feat_tiny
D:13:     layout_rooms, ximxim_vaults_locker_room, uniq_kirke, uniq_lodul
D:14:     layout_gridville, infiniplex_staircase_zigzag_5, uniq_jorgrun
D:15:     gammafunk_enter_depths_forms, layout_rooms, minmay_misc_feat_plants
Lair:1:   layout_roguey, grunt_megastairs_5
Lair:2:   layout_cave_pods, uniq_maggie
Lair:3:   layout_regular_city, shoals_dummy_entry,
          minmay_snake_entry_guardpost_small, grunt_forest_large_clearings
Lair:4:   layout_loops_ring, grunt_megastairs_3
Lair:5:   hellmonk_lair_end_abyssal_woods, layout_small_grid, slime_entry_1,
          gauntlet_entry_generic, ebering_ghost_funeral_grove
Shoals:1: layout_shoals, hangedman_shoals_cup_caves
Shoals:2: layout_shoals, wheals_shoals_ruined_temple, uniq_louise,
          uniq_polyphemus
Shoals:3: layout_shoals
Shoals:4: shoals_end_hangedman, layout_shoals, shoal_ilsuiw,
          ebering_ghost_disaster_area, nicolae_shoals_cliffside_cave,
          nicolae_shoals_beach_house_on_fowls_legs
Snake:1:  layout_misc_corridors
Snake:2:  layout_misc_corridors, serial_shops, nicolae_shop_trees
Snake:3:  layout_misc_corridors, ebering_ghost_reflecting_pool,
          serial_bayou_pond_e, minmay_shop_star, uniq_vashnia, uniq_roxanne
Snake:4:  hellmonk_snake_rune_quicksilver_temple, layout_misc_corridors,
          statue_in_the_mist_lemuel, nicolae_triple_integral
Slime:1:  layout_caves
Slime:2:  cheibrodos_slime_lost_civilization_9, layout_caves
Slime:3:  cheibrodos_slime_lost_civilization_2, layout_caves
Slime:4:  layout_caves
Slime:5
Orc:1:    layout_caves, serial_shops, nicolae_shop_stone
Orc:2:    st_orc_town, layout_caves, ebering_ghost_xom, uniq_nessos,
          uniq_saint_roka
Elf:1:    nicolae_elf_arrival_no_cutting_in_line, layout_onion_city,
          serial_shops, nicolae_shop_bloodbath_and_beyond,
          minmay_elf_necromancy, hangedman_elven_crosses_minicolossus
Elf:2:    elven_hall_of_blades_hangedman_alternative
          [nicolae_blade_entry_area_security], layout_geoelf_octagon,
          serial_shops, nicolae_shop_statue_plus, uniq_azrael, uniq_agnes
Elf:3:    grunt_elf_hall_asides, layout_geoelf_diagonals, nrook_mini_backslash,
          grunt_megastairs_2
Vaults:1: hangedman_vaults_stretched_pinwheel, vaults_room_boxed,
          nicolae_vaults_network_star, ontoclasm_vaults_idyll,
          ontoclasm_vaults_idyll, v_misc_9, nicolae_vaults_theta,
          nicolae_vaults_gold_heap, nicolae_vaults_border_crossing,
          st_hourglassy, v_alt_pattern_4, vaults_room_door_hall,
          hangedman_vaults_maws, layout_vaults_maze, serial_shops, shop
Vaults:2: vaults_mumra_hexcomb, minmay_crypt_entry_nasty_monster,
          vaults_room_hallway, nicolae_vaults_network_quinsquares
          [nicolae_vaults_network_quincunx_subvault,
          nicolae_vaults_network_quincunx_subvault,
          nicolae_vaults_network_quincunx_subvault,
          nicolae_vaults_network_quincunx_subvault],
          hangedman_vaults_stretched_pinwheel, v_alt_pattern_1, serial_ice_m,
          grunt_vaults_bifocal, grunt_vaults_hallway_short,
          nicolae_vaults_mini_display_case, v_alt_pattern_1, v_misc_13,
          nicolae_vaults_asterisk, nicolae_vaults_little_squares_6,
          layout_vaults_omnicross, serial_shops, shop_fountains
Vaults:3: v_misc_29, nicolae_vaults_ninety_degrees,
          nicolae_vaults_twisting_passages, vaults_room_door_hall,
          vaults_standard_mumra_lines, v_misc_24, v_misc_32,
          vaults_room_semicircle, layout_vaults_omnibox, uniq_donald
Vaults:4: hangedman_vaults_hard_town_square, hangedman_vaults_pinch,
          hangedman_vaults_restitches, vaults_room_fours,
          ontoclasm_vaults_shuriken, ontoclasm_vaults_chip, v_misc_24,
          layout_vaults_big_room, serial_shops, shop
Vaults:5: serial_shops
Crypt:1:  gammafunk_crypt_yreds_forest, layout_chaotic_city, uniq_boris
Crypt:2:  layout_chaotic_city, st_vampire_maze
Crypt:3:  lightli_unholy_cathedral, layout_chaotic_city, st_stairs_6,
          nicolae_fountain_basement, uniq_grunn
Tomb:1
Depths:1: layout_basic, serial_rivers, chequers_serial_rivers_small_3,
          chequers_serial_rivers_small_b, chequers_serial_rivers_room_a,
          chequers_serial_rivers_room_b, grunt_hell_entry_dis_mu, serial_shops,
          shop, nicolae_shop_temple_entry_statues_fountains, nicolae_shop_trees,
          nicolae_shop_overgrown_old_shop, kennysheep_mini,
          infiniplex_enter_wizlab_water, nicolae_dithmenos_shadow_blocks,
          minmay_shop_grove
Depths:2: minmay_skeleton_keep, layout_cave_pools, hell_entry,
          rand_demon_pan_entry_5, minmay_misc_feat_diagonals, minmay_shoptagon,
          minmay_staircase_statues_hall_small, uniq_sojobo, uniq_mara
Depths:3: minmay_swirls_squares, layout_honeycomb, hell_entry,
          nicolae_uskayaw_suspiria, hangedman_abyss_entry_splay
Depths:4: evilmike_zot_entry_castle, layout_small_grid, enter_ziggurat_c,
          rand_demon_pan_entry_4, hell_entry, minmay_misc_feat_encased
Hell
Tar:1:    layout_cathedral_of_symmetry, nicolae_tar_cuneiform_heaven
Tar:2:    layout_cathedral_of_symmetry
Tar:3:    layout_cathedral_of_symmetry
Tar:5:    layout_grid_maze, nicolae_hells_fiendish_ambush

Skill      XL: |  1  2  3  4  5  6  7  8  9 10 11 12 13 14 15 16 17 18 19 20 21 22 23 24 25 26 27 |
---------------+----------------------------------------------------------------------------------+-----
Spellcasting   | 3 4 5 6 7 8 9 10 13 14 15 16 17 18 | 18.6
Conjurations   | 5 6 7 8 9 10 11 12 13 14 15 16 17 | 17.1
Hexes          | 1 2 4 5 6 |  6.7
Translocations | 1 2 3 4 |  4.0
Armour         | 1 3 5 6 7 8 9 11 | 11.6
Fighting       | 3 5 6 7 8 9 10 11 12 13 14 15 16 17 | 17.7
Dodging        | 2 4 5 6 7 8 9 10 11 12 | 12.9
Staves         | 2 4 5 6 8 9 10 | 10.1
Ice Magic      | 1 3 5 7 10 12 13 14 15 17 18 19 20 22 23 | 23.1
Evocations     | 2 4 5 7 9 10 11 12 | 12.8
Transmutations | 2 3 4 6 7 8 |  8.2
Shields        | 2 3 5 6 9 12 | 12.9
Air Magic      | 1 2 4 6 7 9 10 12 | 12.5
Earth Magic    | 2 |  2.6
Stealth        | 3 |  3.9

Action                     |  1- 3 |  4- 6 |  7- 9 | 10-12 | 13-15 | 16-18 | 19-21 | 22-24 | 25-27 || total
---------------------------+-------+-------+-------+-------+-------+-------+-------+-------+-------++-------
  Melee: Unarmed           |     3 |       |       |       |       |       |       |       |       ||     3
         Dagger            |    18 |    43 |    55 |   151 |       |       |       |       |       ||   267
         Punch             |     2 |       |     2 |     4 |       |       |       |       |       ||     8
         Staff             |       |       |       |   274 |   814 |   839 |  1071 |  1224 |  1033 ||  5255
   Cast: Magic Dart        |    77 |    60 |   131 |   160 |    45 |    26 |     6 |    11 |       ||   516
         Searing Ray       |       |     6 |    36 |    40 |    11 |    14 |    14 |    12 |     1 ||   134
         Fulminant Prism   |       |       |     8 |    30 |     7 |     5 |       |       |       ||    50
         Iskenderun's Myst |       |       |    11 |    68 |    47 |    65 |    85 |   246 |   127 ||   649
         Irradiate         |       |       |       |    19 |    10 |    19 |    17 |    23 |    23 ||   111
         Ozocubu's Refrige |       |       |       |       |     9 |   113 |   139 |   144 |   165 ||   570
         Freezing Cloud    |       |       |       |       |     8 |    49 |    33 |    49 |     8 ||   147
         Yara's Violent Un |       |       |       |       |       |     6 |    14 |    26 |    13 ||    59
         Blink             |       |       |       |       |       |       |       |     4 |     5 ||     9
         Polar Vortex      |       |       |       |       |       |       |       |    27 |    59 ||    86
  Evoke: Wand              |       |       |       |     3 |       |     8 |     4 |    10 |     3 ||    28
         Condenser vane    |       |       |       |       |       |     1 |       |       |       ||     1
         Lightning rod     |       |       |       |       |       |       |       |     2 |       ||     2
    Use: Scroll            |     6 |     4 |     7 |    11 |     3 |     8 |     4 |     9 |     9 ||    61
         Potion            |       |       |       |     2 |     1 |     5 |       |     3 |     6 ||    17
   Stab: Sleeping          |       |     1 |     5 |       |     1 |     5 |     2 |     4 |     1 ||    19
         Paralysed         |       |       |       |     7 |       |       |       |       |       ||     7
         Distracted        |       |       |       |       |       |     3 |     1 |     3 |     1 ||     8
         Invisible         |       |       |       |       |       |       |       |       |     1 ||     1
 Armour: Robe              |     2 |     5 |       |       |       |       |       |    13 |   125 ||   145
         Ring mail         |       |       |    29 |       |       |       |       |       |       ||    29
         Leather armour    |       |       |    23 |   173 |   250 |   229 |   327 |   218 |       ||  1220
         Quicksilver drago |       |       |       |       |       |       |       |   261 |   300 ||   561
  Dodge: Dodged            |     4 |    18 |    44 |   186 |   245 |   222 |   338 |   458 |   379 ||  1894
         Repelled          |       |       |       |       |       |       |       |       |     9 ||     9
  Block: Other             |     5 |    12 |    33 |   117 |       |       |       |       |       ||   167
         Reflection        |       |       |     2 |     6 |     8 |    63 |    84 |    13 |       ||   176
         Buckler           |       |       |       |   180 |   640 |   542 |   869 |   720 |   117 ||  3068
         Kite shield       |       |       |       |       |       |       |       |       |   730 ||   730

Table legend: (Time is in decaauts)
 A = Elapsed time spent in this place.
 B = Non-inter-level travel time spent in this place.
 C = Inter-level travel time spent in this place.
 D = Time resting spent in this place.
 E = Time spent auto-exploring this place.
 F = Levels seen in this place.
 G = Mean time per level.
                   A        B        C        D        E       F      G
               +--------+--------+--------+--------+--------+-----+--------+
         Total |  78815 |  72501 |   6314 |  13519 |  40422 |  61 | 1292.0 |
       Dungeon |  18904 |  16688 |   2216 |   2223 |  11379 |  15 | 1260.3 |
          Lair |   6650 |   6019 |    631 |     89 |   4522 |   5 | 1330.0 |
        Shoals |   6474 |   6334 |    140 |   1352 |   3877 |   4 | 1618.5 |
     Snake Pit |   6091 |   5757 |    334 |   1661 |   2768 |   4 | 1522.8 |
    Slime Pits |   1205 |   1143 |     62 |    267 |    180 |   5 |  241.0 |
  Orcish Mines |   2073 |   1851 |    222 |    119 |   1264 |   2 | 1036.5 |
   Elven Halls |   7099 |   6489 |    610 |   2091 |   2793 |   3 | 2366.3 |
        Vaults |  10396 |   9567 |    829 |   1962 |   5695 |   5 | 2079.2 |
         Crypt |   5020 |   4605 |    415 |    748 |   2225 |   3 | 1673.3 |
          Tomb |   2099 |   2012 |     87 |    403 |    405 |   1 | 2099.0 |
        Depths |   8923 |   8246 |    677 |   2101 |   4095 |   4 | 2230.8 |
          Hell |    788 |    744 |     44 |    142 |    344 |   1 |  788.0 |
      Tartarus |    380 |    338 |     42 |      0 |    162 |   4 |   95.0 |
         Abyss |   1792 |   1792 |      0 |     97 |    474 |   4 |  448.0 |
        Wizlab |    913 |    913 |      0 |    264 |    237 |   1 |  913.0 |
               +--------+--------+--------+--------+--------+-----+--------+

Top non-repeatable levels by time:
Depths:3: 3066 daAuts
   Elf:3: 3000 daAuts
 Snake:4: 2657 daAuts
Vaults:2: 2500 daAuts
Vaults:4: 2414 daAuts
    D:13: 2244 daAuts
Depths:1: 2155 daAuts
   Elf:2: 2142 daAuts
 Crypt:3: 2109 daAuts
  Tomb:1: 2099 daAuts
Depths:2: 2058 daAuts
 Snake:3: 2015 daAuts
Vaults:1: 1963 daAuts
  Lair:5: 1962 daAuts
   Elf:1: 1956 daAuts
